 Dungeon Crawl Stone Soup version 0.25-a0-424-g80bd347ae0 (webtiles) character file.

Game seed: 14497629247262260491, levelgen mode: deterministic

92 Essalna the Digger (level 4, 0/24 HPs)
             Began as a Gargoyle Earth Elementalist on Jan 20, 2020.
             Killed from afar by Sigmund (5 damage)
             ... with a magic dart
             ... on level 2 of the Dungeon.
             The game lasted 00:03:39 (1224 turns).

Essalna the Digger (Gargoyle Earth Elementalist)    Turns: 1224, Time: 00:03:39

Health: 0/24       AC:  6    Str: 11    XL:     4   Next: 60%
Magic:  2/9        EV: 12    Int: 17    God:
Gold:   71         SH:  0    Dex: 10    Spells: 8/9 levels left

rFire    . . .     SeeInvis .   a - +1 dagger (venom)
rCold    . . .     Gourm    .   (no shield)
rNeg     + . .     Faith    .   c - +0 robe
rPois    ∞         Spirit   .   (no helmet)
rElec    +         Reflect  .   (no cloak)
rCorr    .         Harm     .   j - +0 pair of gloves
MR       .....                  (no boots)
Stlth    ++........             (no amulet)
HPRegen  0.08/turn              (no ring)
MPRegen  0.11/turn              (no ring)

@: no status effects
A: negative energy resistance 1, electricity resistance, unbreathing,
petrification resistance, rot immunity, AC +3
a: no special abilities


You were on level 2 of the Dungeon.
You were not hungry.

You visited 1 branch of the dungeon, and saw 2 of its levels.

You collected 71 gold pieces.

Inventory:

Hand Weapons
 a - a +1 dagger of venom (weapon)
Missiles
 b - 83 stones (quivered)
Armour
 c - a +0 robe (worn)
 j - a +0 pair of gloves (worn)
Potions
 i - a potion of ambrosia {unknown}
Comestibles
 d - 3 rations


   Skills:
 - Level 1.5 Dodging
 - Level 2.1 Stealth
 + Level 3.3 Spellcasting
   Level 0.7 Transmutations
 + Level 5.1 Earth Magic


You had 8 spell levels left.
You knew the following spells:

 Your Spells              Type           Power        Failure   Level  Hunger
a - Sandblast             Erth           ###...       1%          1    None

Your spell library contained the following spells:

 Spells                   Type           Power        Failure   Level  Hunger
 Passwall                 Tmut/Erth      ##......     8%          2    ##.....
 Stone Arrow              Conj/Erth      ##....       19%         3    ###....
 Petrify                  Tmut/Erth      ##......     45%         4    ####...
 Lee's Rapid Deconstruct  Erth           ###.......   50%         5    ######.


Dungeon Overview and Level Annotations

Branches:
Dungeon (2/15)

Altars:

Annotations:
D:2 Sigmund


Innate Abilities, Weirdness & Mutations

You are resistant to torment.
Your stone body is resilient. (AC +3)
You are immune to poison.
You resist negative energy. (rN+)
You are resistant to electric shocks. (rElec)
You can survive without breathing.
You are immune to petrification.
You are immune to rotting.


Message History

b - 83 stones Sigmund mumbles some strange words.
Sigmund flickers and vanishes!
Casting: Sandblast (safe; 1% risk of failure)
Confirm with . or Enter, or press ? or * to list all spells.
You can't see any susceptible monsters within range! (Use Z to cast anyway.) Unknown command.
It was a potion of might.
You feel very mighty all of a sudden.
A magic dart appears from out of thin air!
The magic dart hits you.
* * * LOW HITPOINT WARNING * * *
It was a potion of cancellation.
Your magical effects are unravelling.
You feel magically purged.
Your magical contamination has completely faded away.
You feel a little less mighty now.
A magic dart appears from out of thin air!
The magic dart hits you.
You die...

........####...............# #.#
...........+............####.#.#
...........#.................#.#
...........#.......####.######.##
...........##.##### #........<#
..................### #..########
....................# #..#
..................#.# #..#
#..........#.##.@##.# #..#
#.....##...#.#...##.# #..#
#........#s#.#......# #..#
......####.#.#.###### #..#
....... ..#.#+ #..# ....... ###..
.l.# ...... #..


There were no monsters in sight!

Vanquished Creatures
  Natasha (D:2)
  A gnoll (D:1)
  An adder (D:2)
  A worm (D:2)
  A dart slug (D:1)
  2 leopard geckos
  5 giant cockroaches
  6 hobgoblins
  7 bats
  A frilled lizard (D:1)
  2 goblins
  5 kobolds
  11 rats (D:1)
44 creatures vanquished.

Notes
Turn   | Place    | Note
-------+----------+-------------------------------------------
     0 | D:1      | Essalna the Gargoyle Earth Elementalist began the quest for
                  | the Orb.
     0 | D:1      | Reached XP level 1. HP: 10/10 MP: 3/3
   204 | D:1      | Reached skill level 4 in Earth Magic
   204 | D:1      | Reached XP level 2. HP: 1/15 MP: 3/5
   598 | D:1      | Reached XP level 3. HP: 14/19 MP: 6/6
  1105 | D:2      | Noticed Natasha
  1111 | D:2      | Killed Natasha
  1111 | D:2      | Reached XP level 4. HP: 24/24 MP: 5/8
  1126 | D:2      | Reached skill level 5 in Earth Magic
  1131 | D:2      | Noticed Sigmund
  1224 | D:2      | Killed from afar by Sigmund

Levels and vault maps discovered:
D:1:      minmay_arrival_four_loops, layout_rooms, minmay_rat_gold_closets
D:2:      layout_basic, lemuel_statue_altar, uniq_natasha, uniq_sigmund

Skill      XL: |  1  2  3  4 |
---------------+-------------+-----
Earth Magic    | 4 5 |  5.1
Spellcasting   | 3 |  3.3
Dodging        | |  1.5
Stealth        | |  2.1
Transmutations | |  0.7

Action                   |  1- 3 |  4- 6 || total
-------------------------+-------+-------++-------
Melee: Dagger            |   100 |    27 ||   127
 Cast: Sandblast         |     3 |     9 ||    12
  Use: Potion            |       |     3 ||     3
       Scroll            |       |     2 ||     2
 Stab: Sleeping          |     4 |       ||     4
  Eat: Chunk             |     1 |       ||     1
Armor: Robe              |    36 |    15 ||    51
Dodge: Dodged            |    61 |    28 ||    89

Table legend:
 A = Non-vault XP
 B = Vault XP
 C = Vault XP percentage of total XP
 D = Non-vault monster count
 E = Vault monster count
 F = Vault count percentage of total count
                 A         B        C        D         E       F
            +---------+---------+-------+---------+---------+-------
      Total |      90 |      42 |  31.8 |      36 |       8 |  18.2
            +---------+---------+-------+---------+---------+-------
        D:1 |      51 |       7 |  12.1 |      22 |       7 |  24.1
        D:2 |      39 |      35 |  47.3 |      14 |       1 |   6.7
            +---------+---------+-------+---------+---------+-------
